 Dungeon Crawl Stone Soup version 0.19-a0-1050-g8e71ee3 (webtiles) character file.

168 Musica the Purveyor of Pain (level 5, -3/35 HPs)
             Began as a Mummy Necromancer on Aug 1, 2016.
             Was an Initiate of Kikubaaqudgha.
             Slain by a crimson imp
             ... wielding a +2 dagger of chaos
              (15 damage)
             ... on level 3 of the Dungeon.
             The game lasted 00:13:59 (2475 turns).

Musica the Purveyor of Pain (Mummy Necromancer)     Turns: 2475, Time: 00:14:00

Health: -3/35      AC:  3    Str: 11    XL:     5   Next: 24%
Magic:  10/10      EV: 12    Int: 16    God:    Kikubaaqudgha [......]
Gold:   157        SH:  0    Dex: 12    Spells: 4 memorised, 2 levels left

rFire  x . .     SeeInvis .     n - +3 quarterstaff (chaos)
rCold  + . .     Gourm    .     a - +0 robe
rNeg   + + +     Faith    .     (shield currently unavailable)
rPois  ∞         Spirit   .     (no helmet)
rElec  .         Dismiss  .     o - +0 cloak
rCorr  .         Reflect  .     (no gloves)
SustAt .         Harm     .     (no boots)
MR     .....                    l - amulet of regeneration
Stlth  ++........               (no ring)
                                e - ring of wizardry

@: very slightly contaminated, not resistant to hostile enchantments, unstealthy
A: no food or potions, fire vulnerability, cold resistance 1, negative energy
resistance 3, torment resistance, unbreathing
a: Renounce Religion


You were on level 3 of the Dungeon.
You worshipped Kikubaaqudgha.
Kikubaaqudgha was noncommittal.
You were not hungry.

You visited 2 branches of the dungeon, and saw 5 of its levels.

You collected 157 gold pieces.

Inventory:

Hand Weapons
 d - a +1 dagger of venom
 n - a +3 quarterstaff of chaos (weapon)
 r - a cursed -1 long sword
Missiles
 g - 43 arrows
 h - 4 tomahawks of returning (quivered)
 q - 11 poisoned needles
Armour
 a - a +0 robe (worn)
 o - a +0 cloak (worn)
Rods
 m - a +1 rod of shadows (12/12)
   (You found it on level 2 of the Dungeon)
Jewellery
 e - a ring of wizardry (left hand)
 l - an amulet of regeneration (around neck)
Scrolls
 c - 2 scrolls of remove curse
 f - 2 scrolls of fog
 i - a scroll of fear
 j - 4 scrolls of teleportation
 k - a scroll of enchant armour {unknown}
 p - a scroll of identify
Books
 b - a book of Necromancy

   Spells                             Type                      Level
   a - Pain                           Necromancy                   1
   b - Animate Skeleton               Necromancy                   1
   c - Vampiric Draining              Necromancy                   3
   d - Regeneration                   Charms/Necromancy            3
   e - Animate Dead                   Necromancy                   4
   f - Control Undead                 Necromancy                   4


   Skills:
 + Level 0.1 Throwing
 - Level 1.5 Dodging
 - Level 1.5 Stealth
 + Level 3.6 Spellcasting
 + Level 5.6 Necromancy


You had 2 spell levels left.
You knew the following spells:

 Your Spells              Type           Power        Failure   Level  Hunger
a - Pain                  Necr           ###.         1%          1    N/A
b - Animate Skeleton      Necr           N/A          1%          1    N/A
c - Vampiric Draining     Necr           ###.......   2%          3    N/A
d - Animate Dead          Necr           N/A          7%          4    N/A

Dungeon Overview and Level Annotations

Branches:
Dungeon (4/15)             Temple (1/1) D:4

Altars:
Ashenzari
Cheibriados
Dithmenos
Fedhas
Gozag
Hepliaklqana
Kikubaaqudgha
Makhleb
Pakellas
Qazlal
Trog
Uskayaw
Vehumet
Xom
Yredelemnul
Zin
The Shining One


Innate Abilities, Weirdness & Mutations

You do not eat or drink.
Your flesh is vulnerable to fire.
You are immune to poison.
Your flesh is cold resistant. (rC+)
You are immune to negative energy. (rN+++)
You are immune to unholy pain and torment.
You can survive without breathing.


Message History

* * * LOW HITPOINT WARNING * * *
x2 Something hits you.
* * * LOW HITPOINT WARNING * * *
You closely miss something. Something hits you.
* * * LOW HITPOINT WARNING * * *
You convulse.
* * * LOW HITPOINT WARNING * * *
You closely miss something. Something hits you but does no damage.
Something hits you.
* * * LOW HITPOINT WARNING * * *
Something hits you.
* * * LOW HITPOINT WARNING * * *
Something hits you but does no damage.
A crimson imp comes into view.
The crimson imp shouts!
Something hits you but does no damage.
You feel yourself speed up. Something hits you but does no damage.
You are electrocuted!
You die...
Kikubaaqudgha rasps: "You have failed me!
Welcome... oblivion!"

#.##.........######
#.##.######### #.##.###
##[.....### #.!.......# ####
#.........# #...##.........#
#######...........>..# ### #
#...<........5@......# ##.###
#.######.###..)......#####..ZZZ
#...............Z###
#..####'########## #
#..#.......# ######._.### ###.#
#....... #.... ####+#### #.#.#


You could see a crimson imp.

Vanquished Creatures
  A crimson imp (D:3)
  3 adders
  3 gnolls (D:2)
  An ooze (D:3)
  A dart slug (D:2)
  A giant gecko (D:3)
  3 ball pythons
  A giant cockroach (D:1)
  8 goblins
  6 hobgoblins
  2 jackals (D:3)
  2 quokkas
  7 bats
  3 giant newts
  5 kobolds
  7 rats
54 creatures vanquished.

Vanquished Creatures (collateral kills)
  Crazy Yiuf (D:2)
  A gnoll (D:2)
  2 adders (D:2)
  3 bats
  A giant cockroach (D:1)
  A giant newt (D:1)
9 creatures vanquished.

Grand Total: 63 creatures vanquished

Notes
Turn   | Place    | Note
-------+----------+-------------------------------------------
     0 | D:1      | Musica the Mummy Necromancer began the quest for the Orb.
     0 | D:1      | Reached XP level 1. HP: 13/13 MP: 3/3
    18 | D:1      | Learned a level 1 spell: Animate Skeleton
   419 | D:1      | Reached XP level 2. HP: 17/19 MP: 0/5
   948 | D:2      | Reached XP level 3. HP: 22/24 MP: 0/6
   953 | D:2      | Learned a level 3 spell: Vampiric Draining
  1045 | D:2      | Reached XP level 4. HP: 13/30 MP: 0/8
  1364 | D:2      | Reached skill level 5 in Necromancy
  1451 | D:2      | Identified a +0 rod of shadows (10/10) (You found it on level 2 of the Dungeon)
  1537 | D:2      | Found a runed door.
  1541 | D:2      | Noticed Crazy Yiuf
  1551 | D:2      | Killed Crazy Yiuf
  1918 | D:4      | Found a staircase to the Ecumenical Temple.
  1935 | Temple   | Entered the Ecumenical Temple
  2061 | Temple   | Became a worshipper of Kikubaaqudgha
  2132 | D:3      | Learned a level 4 spell: Animate Dead
  2249 | D:3      | Reached XP level 5. HP: 33/35 MP: 10/10
  2397 | D:3      | Found a shimmering altar of Xom.
  2475 | D:3      | Slain by a crimson imp

Vault maps used:
D:1:      lightli_arrival_statuegarden, roderic_lattice_a, minmay_tetromino_i4
D:2:      first_bread, minmay_crystal_water, uniq_crazy_yiuf_cottage
D:3:      led_xom_imps
D:4:      sigmund_army
Temple:   eino_temple_rhombus

Skill      XL: |  1  2  3  4 |
---------------+-------------+-----
Spellcasting   | 3 |  3.6
Necromancy     | 5 |  5.6
Throwing       | |  0.1
Dodging        | |  1.5
Stealth        | |  1.5

Action                   |  1- 3 |  4- 6 || total
-------------------------+-------+-------++-------
Melee: Dagger            |    16 |       ||    16
       Unarmed           |     4 |       ||     4
       Whip              |     6 |       ||     6
       Quarterstaff      |       |    59 ||    59
       Flail             |       |     2 ||     2
Throw: Tomahawk          |     6 |     1 ||     7
 Cast: Pain              |    37 |    49 ||    86
       Animate Skeleton  |    13 |    14 ||    27
       Animate Dead      |       |     1 ||     1
Evoke: Rod               |       |     1 ||     1
  Use: Scroll            |       |     6 ||     6
 Stab: Sleeping          |     1 |     2 ||     3
       Invisible         |       |     2 ||     2
       Petrified         |       |     1 ||     1
Armor: Robe              |     4 |    14 ||    18
Dodge: Dodged            |    38 |    48 ||    86
